Frizzbo, neutral female gnomish Wizard ---- ----..--- --.......-- -.........| ---- -- .........| |..--.. |....- ----....- --...-----.......... - ------- ------...--.....).- |.......Z.hh.G..G..........G..G...| -- ---------- -----..%...--d.-- -..G..--|..| -....-----..----- ..-..-- |.....|..| ...| |...>....-- .....- |.........-- -.--. ---....--..| -- |.. --..----.| ---- ---- --- Frizzbo the Conjurer Experience level: 4 Strength: 9 Dexterity: 13 Constitution: 15 Intelligence: 18 Wisdom: 12 Charisma: 10 Health: 0(27) Energy: 45(45) Def: 2 Gold: 0 Moves: 1535 Dungeon seed: fV13Z7vtMFnttsKZ Game ID: Frizzbo_1465916819 Your Inventory: Weapons a - a blessed +1 quarterstaff (alternate weapon; not wielded) C - the uncursed +0 Sting (weapon in hand) Armor e - an uncursed +0 cloak of magic resistance (being worn) q - an uncursed +0 elven leather helm (being worn) Comestibles o - 3 uncursed lichen corpses w - an uncursed carrot Rings c - an uncursed ring of free action d - an uncursed ring of invisibility v - an uncursed ring of sustain ability Wands b - an uncursed wand of locking (0:6) s - an uncursed wand of slow monster (0:6) u - an uncursed wand of cancellation (0:3) Tools A - an uncursed pair of lenses (being worn) D - an uncursed sack Contents of the sack: 79 gold pieces an uncursed amulet of magical breathing an uncursed scroll of confuse monster an uncursed scroll of gold detection an uncursed scroll of light a blessed scroll of remove curse an uncursed spellbook of extra healing a blessed spellbook of force bolt an uncursed potion of enlightenment an uncursed potion of gain ability an uncursed potion of gain energy an uncursed potion of monster detection 2 uncursed potions of water an uncursed magic marker (0:91) an uncursed fluorite stone 2 uncursed jacinth stones an uncursed jade stone Spells and supernatural/magical abilities: Name Level Category Fail Memory a - force bolt 1 attack 0% 93% x - extra healing 3 healing 85% 93% W - pray for help -- divine ? -- Your skills at the end: Fighting Skills Weapon Skills dagger [Basic] quarterstaff [Basic] Spellcasting Skills attack spells [Basic] enchantment spells [Basic] Final Attributes: You were piously aligned. You were magic-protected. You were aware of the presence of orcs. You had infravision. You are dead. Vanquished creatures: a water nymph a kitten a gas spore a hobbit a large kobold a brown mold a gnome zombie 3 geckos 5 jackals 2 foxes 2 kobolds 2 goblins 10 grid bugs 4 lichens 3 newts 38 creatures vanquished. Voluntary challenges: You were an atheist. You used a wielded weapon 59 times, starting on turn 1. You read items or engraved 4 times, starting on turn 231. You never genocided any monsters. You never polymorphed an object. You never changed form. You used no wishes. You never split a pudding. You wrote Elbereth's name 1 time, starting on turn 660. You never violated your personal moral code. Dungeon overview: The Dungeons of Doom: levels 1 to 2 Level 1 a long staircase Level 2 stairs to The Gnomish Mines The Gnomish Mines: levels 3 to 4 Level 3 stairs to The Dungeons of Doom Level 4 <- You were here History has recorded: On T:1 you entered the Dungeons of Doom to retrieve the Amulet of Yendor! On T:177 you advanced to experience level 2. On T:390 you advanced to experience level 3. On T:656 you reached level 2 of The Dungeons of Doom. On T:1423 you reached level 1 of The Gnomish Mines. On T:1433 you advanced to experience level 4. On T:1455 you reached level 2 of The Gnomish Mines. Score breakdown: Gold: 79 ( 6473 points) Experience: 4 levels ( 9649 points) Exploration: 4 levels ( 7.84%) ( 7348 points) Discoveries: 2 items ( 0.70%) ( 2504 points) Valuables value: (no points given unless you survive) Artifact value: 800 ( 9877 points) Variety of kills: 15 monsters ( 3.94%) ( 5952 points) Turncount: 1535 turns ( 0 points) Survival: died (score multiplied by 80%) Total score: 33442 Latest messages: You put 79 gold pieces into the bag. You put a hexagonal amulet into the bag. You put an uncursed scroll of gold detection into the bag. You put an uncursed scroll of confuse monster into the bag. You put a blessed scroll of remove curse into the bag. You put a blessed spellbook of force bolt into the bag. You put an uncursed spellbook of extra healing into the bag. You put a puce potion into the bag. You put 2 uncursed clear potions into the bag. You put an uncursed potion of gain energy into the bag. You put a pink potion into the bag. You put a white potion into the bag. You put an uncursed magic marker (0:91) into the bag. You put 2 orange gems into the bag. You put a white gem into the bag. You put a green gem into the bag. You see here a gecko corpse. You stop exploring. The little dog bites! (3x) The gnome lord drinks a swirly potion! The gnome lord is suddenly moving faster. You see here a gecko corpse. The little dog bites! (2x) You die... Final status: Goodbye Frizzbo the Wizard, killed by a little dog... You died in The Gnomish Mines on dungeon level 4 with 33442 points, and 79 pieces of gold, after 1535 moves. You were level 4 with a maximum of 27 hit points when you died.